 Dungeon Crawl Stone Soup version 0.23.1 (webtiles) character file.

Game seed: 15183661639112142294

7 Borgoz the Sneak (level 2, -2/20 HPs)
             Began as a Ghoul Enchanter on Mar 14, 2019.
             Slain by a leopard gecko (5 damage)
             ... on level 1 of the Dungeon.
             The game lasted 00:02:14 (455 turns).

Borgoz the Sneak (Ghoul Enchanter)                   Turns: 455, Time: 00:02:15

Health: -2/20      AC:  2    Str: 11    XL:     2   Next: 4%
Magic:  3/3        EV: 12    Int: 10    God:
Gold:   20         SH:  0    Dex:  9    Spells: 3/4 levels left

rFire    . . .     SeeInvis .   a - +1 dagger
rCold    + . .     Gourm    .   (no shield)
rNeg     + + +     Faith    .   b - +0 robe
rPois    ∞         Spirit   .   (no helmet)
rElec    .         Reflect  .   e - scarf {cloud immunity}
rCorr    .         Harm     .   (no gloves)
MR       .....                  (no boots)
Stlth    ++........             (no amulet)
HPRegen  0.00/turn              (no ring)
MPRegen  0.08/turn              (no ring)

@: rotting
A: rotting body, claws 1, carnivore, cold resistance 1, negative energy
resistance 3, inhibited regeneration, torment resistance, unbreathing
a: no special abilities


You were on level 1 of the Dungeon.
You were not hungry.

You visited 1 branch of the dungeon, and saw 2 of its levels.

You collected 20 gold pieces.

Inventory:

Hand Weapons
 a - a +1 dagger (weapon)
Armour
 b - a +0 robe (worn)
 e - a scarf of cloud immunity (worn)
Scrolls
 c - a scroll of teleportation {unknown}
Comestibles
 d - a ration


   Skills:
 + Level 0.1 Fighting
 * Level 1.0 Short Blades
 * Level 0.2 Armour
 * Level 1.9 Dodging
 + Level 3.3 Stealth
 + Level 1.8 Spellcasting
 * Level 2.5 Hexes


You had 3 spell levels left.
You knew the following spells:

 Your Spells              Type           Power        Failure   Level  Hunger
a - Corona                Hex            #......      12%         1    ##.....

Your spell library contained the following spells:

 Spells                   Type           Power        Failure   Level  Hunger
 Ensorcelled Hibernation  Hex/Ice        #.....       28%         2    ###....
 Confuse                  Hex            #.......     34%         3    ####...
 Tukima's Dance           Hex            #.......     34%         3    ####...
 Dazzling Spray           Conj/Hex       #.....       50%         3    ####...


Dungeon Overview and Level Annotations

Branches:
Dungeon (2/15)

Altars:


Innate Abilities, Weirdness & Mutations

Your body is rotting away.
You thrive on raw meat.
You are immune to poison.
You have sharp fingernails.
You are carnivorous and can eat meat at any time.
Your flesh is cold resistant. (rC+)
You are immune to negative energy. (rN+++)
You do not regenerate when monsters are visible.
You are immune to unholy pain and torment.
You can survive without breathing.


Message History

The leopard gecko is almost dead.
The leopard gecko bites you.
* * * LOW HITPOINT WARNING * * *
You are too injured to fight recklessly!
You are too injured to fight recklessly!
You barely miss the leopard gecko.
The leopard gecko is almost dead.
The leopard gecko misses you.
You miss the leopard gecko.
The leopard gecko is almost dead.
The leopard gecko bites you.
* * * LOW HITPOINT WARNING * * *
The leopard gecko closely misses you.
You closely miss the leopard gecko.
The leopard gecko is almost dead.
The leopard gecko misses you.
You miss the leopard gecko.
The leopard gecko is almost dead.
The leopard gecko bites you.
You die...

###.#..#########.#........
#................#.#######
#.........>......#.. .....
#....#############.#.#####
#.......>.....## #.##.....
#.....#..####..# #.#.###'#
#.......## ##.# #.#.#....
#...8#8.######.###.#.#....
###[#?#..@...#.'.'.#)+..<.
#.8#8...l..#.###.#.#....
#..........#...#.#.#....
##.........###.#.#.###+#
#.#.......# #.#.##.....
#.........# #.#.#.#####
##..####### #.#..#.....
##. #.#.#######
#.#........


You could see a leopard gecko.

Vanquished Creatures
  A leopard gecko (D:1)
  A bat (D:2)
  2 goblins
  2 rats (D:1)
6 creatures vanquished.

Notes
Turn   | Place    | Note
-------+----------+-------------------------------------------
     0 | D:1      | Borgoz the Ghoul Enchanter began the quest for the Orb.
     0 | D:1      | Reached XP level 1. HP: 14/14 MP: 2/2
   188 | D:1      | You fall through a shaft!
   244 | D:1      | Reached skill level 1 in Short Blades
   284 | D:1      | Reached XP level 2. HP: 20/20 MP: 3/3
   455 | D:1      | Slain by a leopard gecko

Skill      XL: |  1 |
---------------+----+-----
Short Blades   | 1 |  1.0
Fighting       | |  0.1
Armour         | |  0.2
Dodging        | |  1.9
Stealth        | |  3.3
Spellcasting   | |  1.8
Hexes          | |  2.5

Action                   || total
-------------------------++-------
Melee: Dagger            ||    37
 Stab: Sleeping          ||     3
  Eat: Chunk             ||     3
Armor: Robe              ||     7
Dodge: Dodged            ||    28
